[Event "TCEC Season 22 - Qualification League"]
[Site "https://tcec-chess.com"]
[Date "2022.01.29"]
[Round "1.1"]
[White "ChessFighter 3.10.1"]
[Black "Asymptote 0.9-dev_20220126"]
[Result "1-0"]
[ECO "B31"]
[WhiteElo "3242"]
[BlackElo "3226"]
[Annotator "NA RC"]
[PlyCount "150"]
[EventDate "2022.??.??"]
[SourceTitle "playchess.com"]
[Source "ChessBase"]
[SourceQuality "1"]
[TimeControl "1800+5"]

1. e4 c5 2. Nf3 Nc6 3. Bb5 g6 4. O-O Bg7 5. Nc3 e5 6. a3 Nge7 7. b4 d6 8. bxc5 dxc5 9. d3 O-O 10. Bc4 h6 11. a4 b6 12. Re1 Rb8 13. Rb1 Kh7 14. Nb5 Kg8 15. h3 Kh7 16. Bd2 f5 17. exf5 Nxf5 18. Nc3 Nfd4 19. Nxd4 exd4 20. Ne4 a5 21. Re2 Nb4 22. Qc1 Qc7 23. Qb2 Bd7 24. Qb3 Bc6 25. Rbe1 Qd7 26. Be6 Qd8 27. Bc4 Rb7 28. Ng3 Qd7 29. Re7 Qxe7 30. Rxe7 Rxe7 31. f3 Be5 32. Ne4 Rd8 33. h4 Rb8 34. c3 Bxe4 35. dxe4 dxc3 36. Bxc3 Bd4+ 37. Kh2 Rd8 38. Be1 Kg7 39. Bg3 h5 40. Qd1 Nc6 41. Qb1 Nb4 42. f4 Rde8 43. e5 Rf8 44. Qe4 Rf5 45. Kh3 Bc3 46. Bh2 Bb2 47. g3 Bc3 48. Bg1 Bb2 49. Kg2 Rf8 50. Bf2 Bc3 51. Be3 Ra7 52. g4 Re7 53. gxh5 gxh5 54. Kh3 Rff7 55. Bxf7 Kxf7 56. Qf5+ Kg8 57. Qxh5 Nd5 58. Qf3 Nxe3 59. Qxe3 Bd4 60. Qb3+ Rf7 61. e6 Re7 62. Qd5 Bg7 63. Kg4 c4 64. Qxc4 Kh8 65. Kf5 Bf8 66. Qd4+ Kh7 67. Qxb6 Rg7 68. Qxa5 Be7 69. Qd5 Ba3 70. a5 Bb4 71. a6 Rg8 72. a7 Rf8+ 73. Ke4 Be1 74. a8=Q Rxa8 75. Qxa8 Bxh4 1-0

[Event "TCEC Season 22 - Qualification League"]
[Site "https://tcec-chess.com"]
[Date "2022.01.29"]
[Round "1.3"]
[White "Invictus r391b"]
[Black "Mantissa 3.3.0"]
[Result "1/2-1/2"]
[ECO "C14"]
[WhiteElo "3251"]
[BlackElo "3289"]
[Annotator "NA RC"]
[PlyCount "73"]
[EventDate "2022.??.??"]
[SourceTitle "playchess.com"]
[Source "ChessBase"]
[SourceQuality "1"]
[TimeControl "1800+5"]

1. e4 e6 2. d4 d5 3. Nc3 Nf6 4. Bg5 Be7 5. e5 Nfd7 6. Bxe7 Qxe7 7. f4 O-O 8. Nf3 c5 9. g3 Nc6 10. Qd3 Rb8 11. Qd2 a6 12. Bg2 b5 13. Ne2 b4 14. dxc5 Qxc5 15. Ned4 a5 16. Nxc6 Qxc6 17. O-O Ba6 18. Nd4 Qb6 19. Rf2 Rbc8 20. Qe3 g6 21. g4 Rfe8 22. Rd1 Bc4 23. Qd2 Ba6 24. Qe3 a4 25. a3 bxa3 26. bxa3 Qc5 27. h4 Qc3 28. Rf3 Qxe3+ 29. Rxe3 Rc5 30. Rb1 Rb8 31. Rbe1 Nf8 32. f5 Rbc8 33. Kf2 Rc4 34. Rd1 Rc3 35. Rde1 R3c4 36. Rd1 Rc3 37. Rde1 1/2-1/2

[Event "TCEC Season 22 - Qualification League"]
[Site "https://tcec-chess.com"]
[Date "2022.01.29"]
[Round "1.4"]
[White "Bagatur 3.2-fix"]
[Black "Counter 4.0"]
[Result "0-1"]
[ECO "E12"]
[WhiteElo "3095"]
[BlackElo "3300"]
[Annotator "NA RC"]
[PlyCount "155"]
[EventDate "2022.??.??"]
[SourceTitle "playchess.com"]
[Source "ChessBase"]
[SourceQuality "1"]
[TimeControl "1800+5"]

1. d4 Nf6 2. c4 e6 3. Nf3 b6 4. a3 Bb7 5. Bf4 c5 6. Nc3 cxd4 7. Qxd4 Nc6 8. Qd3 Nh5 9. Bd6 Bxd6 10. Qxd6 Rc8 11. Rd1 Na5 12. e4 Ba6 13. Qb4 Rc5 14. Na4 Rc8 15. b3 Nf6 16. Bd3 Bb7 17. c5 bxc5 18. Nxc5 Qc7 19. Nxb7 Nxb7 20. Qd4 Nc5 21. Bc2 Na4 22. Rd2 Nc3 23. e5 Nfd5 24. O-O Qb6 25. Qg4 g6 26. Ng5 h5 27. Qh4 Qa5 28. Ra1 O-O 29. Qg3 Kg7 30. h3 Qc5 31. b4 Qe7 32. Bd3 Rc6 33. Re1 Rfc8 34. f4 f5 35. Nf3 R6c7 36. Nh4 Qf7 37. Kh2 Ra8 38. Qg5 Rh8 39. Rc2 Rhc8 40. Rf2 Ne7 41. g4 hxg4 42. hxg4 Ncd5 43. gxf5 exf5 44. Be2 Rh8 45. Kg1 Qe6 46. Rd1 Nc3 47. Rd6 Ne4 48. Rxe6 dxe6 49. Nxf5+ Nxf5 50. Qg2 Nxf2 51. Kxf2 Rh4 52. Bd3 Rxf4+ 53. Ke2 Rd7 54. Bxf5 exf5 55. Qc6 Re4+ 56. Kf1 Rd1+ 57. Kf2 Rd2+ 58. Kf1 Rxe5 59. Qc3 Rdd5 60. Qc7+ Kf6 61. Qxa7 Rd1+ 62. Kf2 Rd2+ 63. Kf1 f4 64. Qc7 Red5 65. Ke1 Kg5 66. Qc1 R2d3 67. b5 Rxb5 68. Kf2 Rbd5 69. Qg1+ Kf5 70. Qb1 Kg4 71. Qg1+ Rg3 72. Qc1 Rf3+ 73. Ke1 Kg3 74. Qc2 Rdd3 75. a4 Rde3+ 76. Kd2 Rf2+ 77. Kc1 Rxc2+ 78. Kxc2 0-1

[Event "TCEC Season 22 - Qualification League"]
[Site "https://tcec-chess.com"]
[Date "2022.01.29"]
[Round "1.5"]
[White "tomitankChess 5.1"]
[Black "BlackMarlin 5.0dev3"]
[Result "0-1"]
[ECO "E12"]
[WhiteElo "3008"]
[BlackElo "3356"]
[Annotator "NA RC"]
[PlyCount "232"]
[EventDate "2022.??.??"]
[SourceTitle "playchess.com"]
[Source "ChessBase"]
[SourceQuality "1"]
[TimeControl "1800+5"]

1. d4 Nf6 2. Nf3 e6 3. c4 b6 4. a3 Bb7 5. Nc3 d5 6. Bg5 Be7 7. Bxf6 Bxf6 8. cxd5 exd5 9. e3 O-O 10. Qb3 c5 11. dxc5 Nd7 12. cxb6 Nc5 13. Qb4 Be7 14. bxa7 Nd3+ 15. Bxd3 Bxb4 16. axb4 Qb6 17. O-O Rxa7 18. Rxa7 Qxa7 19. Nd4 Rc8 20. b5 Ba8 21. Rd1 Qc5 22. Bf5 Rd8 23. Bc2 Qb4 24. Bb3 Bb7 25. Na2 Qc5 26. Nc1 g6 27. Nd3 Qd6 28. Bc2 Bc8 29. b4 Bf5 30. Nc5 Bxc2 31. Nxc2 Ra8 32. Nd4 Ra2 33. g3 g5 34. Nc6 h5 35. Ne4 Qe6 36. Nc3 Ra3 37. Nxd5 Kg7 38. Nde7 h4 39. Nd4 Qe4 40. Nef5+ Kh7 41. h3 Ra4 42. Rc1 Rxb4 43. g4 Rb1 44. Rxb1 Qxb1+ 45. Kg2 Qe4+ 46. Kg1 Qb7 47. Nd6 Qd5 48. N6f5 Qc5 49. Nf3 Kg6 50. N5d4 f6 51. Kg2 Qb4 52. Kh2 Qb2 53. Kg2 Kh7 54. Ng1 Qd2 55. Ngf3 Qa5 56. Kh1 Qa8 57. Kg2 Qe4 58. Kg1 Kg8 59. Nd2 Qd3 60. N2f3 Qb1+ 61. Kg2 Qb2 62. Ne1 Qa2 63. Nef3 Qd5 64. Kg1 Qe4 65. Nd2 Qd3 66. N2f3 Qb1+ 67. Kg2 Qb2 68. Ne1 Qa2 69. Nef3 Qd5 70. Kg1 Kh7 71. Nd2 Qc5 72. Kg2 Kg8 73. Kh2 Qd6+ 74. Kg2 Kf7 75. N2b3 Qd5+ 76. Kh2 f5 77. Nd2 f4 78. Kg1 fxe3 79. fxe3 Kg6 80. Nf1 Qa2 81. Nh2 Kf6 82. Nf1 Qb2 83. Nh2 Ke5 84. Nf1 Ke4 85. Nf5 Qa2 86. Nh2 Kd3 87. Nf1 Ke2 88. Nd4+ Kd1 89. Nh2 Kd2 90. Nf1+ Ke1 91. Nf3+ Kd1 92. b6 Qb1 93. Kf2 Qxb6 94. Nd4 Qd6 95. Kg1 Qd5 96. Nh2 Qe5 97. Nf1 Qe7 98. Kf2 Qb7 99. Nh2 Qh1 100. Ndf3 Kc2 101. Nd4+ Kd3 102. Ndf3 Kc3 103. Nf1 Qxh3 104. N3h2 Kd3 105. Nf3 Qh1 106. Ne1+ Kc3 107. Nf3 h3 108. Ne1 h2 109. Nf3 Qxf3+ 110. Kxf3 h1=Q+ 111. Kf2 Kd3 112. Ng3 Qh2+ 113. Kf3 Qd2 114. Nf5 Qe2+ 115. Kg3 Ke4 116. Nd6+ Kxe3 0-1

[Event "TCEC Season 22 - Qualification League"]
[Site "https://tcec-chess.com"]
[Date "2022.01.29"]
[Round "1.7"]
[White "Zahak 9.0"]
[Black "Bit-Genie 9.23"]
[Result "1/2-1/2"]
[ECO "D37"]
[WhiteElo "3332"]
[BlackElo "3305"]
[Annotator "NA RC"]
[PlyCount "45"]
[EventDate "2022.??.??"]
[SourceTitle "playchess.com"]
[Source "ChessBase"]
[SourceQuality "1"]
[TimeControl "1800+5"]

1. d4 Nf6 2. c4 e6 3. Nf3 d5 4. Nc3 dxc4 5. e4 Bb4 6. Bg5 h6 7. Bxf6 Qxf6 8. Bxc4 O-O 9. O-O c5 10. a3 Bxc3 11. bxc3 Rd8 12. Qe2 cxd4 13. cxd4 b6 14. h3 Bb7 15. Rad1 Qe7 16. Qd3 Nd7 17. Rfe1 Nf6 18. Ba2 Rac8 19. Bb1 Kf8 20. Ne5 Kg8 21. Nf3 Kf8 22. Ne5 Kg8 23. Nf3 1/2-1/2

[Event "TCEC Season 22 - Qualification League"]
[Site "https://tcec-chess.com"]
[Date "2022.01.29"]
[Round "2.4"]
[White "Counter 4.0"]
[Black "tomitankChess 5.1"]
[Result "1-0"]
[ECO "C84"]
[WhiteElo "3300"]
[BlackElo "3008"]
[Annotator "NA RC"]
[PlyCount "139"]
[EventDate "2022.??.??"]
[SourceTitle "playchess.com"]
[Source "ChessBase"]
[SourceQuality "1"]
[TimeControl "1800+5"]

1. e4 e5 2. Nf3 Nc6 3. Bb5 a6 4. Ba4 Nf6 5. O-O Be7 6. d3 d6 7. c3 O-O 8. Nbd2 b5 9. Bc2 h6 10. h3 a5 11. d4 a4 12. Re1 Bd7 13. Nf1 Re8 14. Ng3 Bf8 15. Bd2 Na5 16. b3 axb3 17. axb3 c5 18. d5 Be7 19. Ra2 Bf8 20. Qe2 c4 21. Rea1 cxb3 22. Bxb3 Nxb3 23. Rxa8 Qxa8 24. Rxa8 Rxa8 25. Be3 Ra4 26. Qb2 Na5 27. Nd2 g6 28. Qb1 h5 29. f3 Be7 30. Ngf1 Nh7 31. Bf2 Kg7 32. h4 Nb7 33. c4 b4 34. Qb2 f6 35. Nb3 Nf8 36. Nc1 Nc5 37. Be1 Na6 38. Nd3 Bd8 39. Bf2 Be8 40. Ne3 Nd7 41. Nc2 Ba5 42. Qb1 Nb6 43. Qb3 Bd7 44. Kh2 Be8 45. Nb2 Nc5 46. Bxc5 dxc5 47. Nd3 Bb5 48. Nxc5 Bxc4 49. Qe3 b3 50. Ne6+ Kf7 51. Qc5 Bxd5 52. exd5 Nd7 53. Qc6 Rxh4+ 54. Kg3 Ke7 55. Nc5 Nxc5 56. Qxc5+ Kf7 57. Kxh4 bxc2 58. Qxc2 Bd8 59. Qc8 Ke8 60. Qe6+ Kf8 61. Qd7 Ba5 62. d6 e4 63. Qe7+ Kg8 64. Qxf6 Kh7 65. Kg5 Bd2+ 66. f4 Bxf4+ 67. Qxf4 h4 68. d7 h3 69. Qf7+ Kh8 70. d8=Q# 1-0

[Event "TCEC Season 22 - Qualification League"]
[Site "https://tcec-chess.com"]
[Date "2022.01.29"]
[Round "2.5"]
[White "Mantissa 3.3.0"]
[Black "Bagatur 3.2-fix"]
[Result "1-0"]
[ECO "C61"]
[WhiteElo "3289"]
[BlackElo "3095"]
[Annotator "NA RC"]
[PlyCount "135"]
[EventDate "2022.??.??"]
[SourceTitle "playchess.com"]
[Source "ChessBase"]
[SourceQuality "1"]
[TimeControl "1800+5"]

1. e4 e5 2. Nf3 Nc6 3. Bb5 Nd4 4. Nxd4 exd4 5. O-O Bc5 6. Bc4 d6 7. d3 a5 8. Nd2 Nf6 9. a4 Bg4 10. Nf3 O-O 11. h3 Bh5 12. Bb3 c6 13. g4 Bg6 14. Bg5 h6 15. Bh4 Kh7 16. Ne1 Re8 17. f4 Kg8 18. Qf3 Qe7 19. Ng2 Bb4 20. Rf2 Kh8 21. Raf1 Qf8 22. f5 Bh7 23. Bxf6 gxf6 24. Re2 d5 25. exd5 Rxe2 26. Qxe2 Bd6 27. dxc6 bxc6 28. Qf3 h5 29. g5 fxg5 30. Qxh5 f6 31. Re1 Bb4 32. Re6 Rc8 33. Bc4 Rd8 34. Rxc6 Qe8 35. Qxe8+ Rxe8 36. Be6 Bd2 37. Kf2 Bc1 38. b4 axb4 39. a5 Ba3 40. a6 Bg8 41. a7 b3 42. Bxb3 Ra8 43. Rc7 Bd6 44. Rb7 Bh7 45. Be6 Bg8 46. Ne1 Bc5 47. Rb8 Rxa7 48. Rxg8+ Kh7 49. Rg6 Be7 50. Nf3 Ra4 51. Kg3 Bd8 52. Bg8+ Kh8 53. Bb3 Ra8 54. Nxd4 g4 55. Rxg4 Bc7+ 56. Kf3 Ra5 57. Rh4+ Kg7 58. Ne6+ Kg8 59. Nxc7+ Kf8 60. Rh8+ Kg7 61. Rg8+ Kh6 62. Kg4 Ra1 63. Kh4 Kh7 64. Ne8 Ra6 65. Bf7 Rc6 66. Kh5 Rd6 67. Rg6 Rc6 68. Rh6# 1-0

[Event "TCEC Season 22 - Qualification League"]
[Site "https://tcec-chess.com"]
[Date "2022.01.29"]
[Round "3.2"]
[White "Invictus r391b"]
[Black "ChessFighter 3.10.1"]
[Result "1-0"]
[ECO "E41"]
[WhiteElo "3251"]
[BlackElo "3242"]
[Annotator "NA RC"]
[PlyCount "161"]
[EventDate "2022.??.??"]
[SourceTitle "playchess.com"]
[Source "ChessBase"]
[SourceQuality "1"]
[TimeControl "1800+5"]

1. d4 Nf6 2. c4 e6 3. Nc3 Bb4 4. e3 c5 5. Nf3 cxd4 6. exd4 d5 7. cxd5 Nxd5 8. Bd2 O-O 9. Bd3 Nf6 10. O-O Nc6 11. Bg5 h6 12. Bh4 Be7 13. Re1 Qb6 14. a3 a5 15. Qd2 Rd8 16. Rad1 Bd7 17. Bb1 Be8 18. d5 Nxd5 19. Nxd5 Rxd5 20. Qc2 g6 21. Rxd5 Bxh4 22. Rd2 Bf6 23. h4 h5 24. Qd1 Kg7 25. Bc2 Rb8 26. g3 Qb5 27. Be4 Ne7 28. Qe2 Qxe2 29. Rexe2 b5 30. Rc2 b4 31. Rc7 b3 32. Rd2 Rc8 33. Rxc8 Nxc8 34. Nd4 a4 35. Bc6 Kf8 36. Bxe8 Kxe8 37. Nc6 Nb6 38. Na5 Ke7 39. f4 Bg7 40. Kg2 e5 41. fxe5 Bxe5 42. Nc6+ Ke6 43. Re2 f6 44. Nxe5 fxe5 45. Re4 Kd5 46. Rb4 Kc5 47. Kf3 Nc4 48. Rxa4 Nxb2 49. Rb4 Nc4 50. Ke4 b2 51. Kd3 e4+ 52. Kc3 Nxa3 53. Rxb2 Nb5+ 54. Kd2 Nd6 55. Rb8 Kd5 56. Rg8 Nc4+ 57. Ke2 Ne5 58. Ke3 Ke6 59. Kxe4 Kf7 60. Ra8 Ng4 61. Ra7+ Kf6 62. Ra6+ Kg7 63. Kf4 Nf2 64. Ra2 Ng4 65. Kg5 Nh6 66. Ra7+ Nf7+ 67. Kf4 Kf6 68. Ra6+ Kg7 69. Ke4 Nh6 70. Ke5 Ng4+ 71. Ke6 Nf2 72. Ra7+ Kh6 73. Kf7 Ng4 74. Kf8 Nf6 75. Rg7 Ne8 76. Rf7 Nd6 77. Re7 Nf5 78. Ra7 Nd6 79. Kg8 g5 80. Ra6 gxh4 81. gxh4 1-0

[Event "TCEC Season 22 - Qualification League"]
[Site "https://tcec-chess.com"]
[Date "2022.01.29"]
[Round "3.3"]
[White "Bagatur 3.2-fix"]
[Black "Chiron 5.01"]
[Result "1/2-1/2"]
[ECO "E20"]
[WhiteElo "3095"]
[BlackElo "3417"]
[Annotator "NA"]
[PlyCount "181"]
[EventDate "2022.??.??"]
[SourceTitle "playchess.com"]
[Source "ChessBase"]
[SourceQuality "1"]
[TimeControl "1800+5"]

1. d4 Nf6 2. c4 e6 3. Nc3 Bb4 4. Bd2 b6 5. e3 Bb7 6. Nf3 O-O 7. Bd3 d5 8. cxd5 exd5 9. O-O Be7 10. Re1 Ne4 11. Qb1 f5 12. b4 Qd6 13. Rc1 c6 14. Be1 Nd7 15. a4 a6 16. a5 b5 17. Qb3 Qe6 18. Ne2 Bd6 19. Rc2 Rac8 20. Rac1 Kh8 21. h4 Qh6 22. g3 Qh5 23. Kg2 Qe8 24. Nf4 h6 25. h5 Bxf4 26. exf4 Qxh5 27. Bd2 Qf7 28. Rh1 Rce8 29. Bc1 Nd6 30. Ne5 Nxe5 31. fxe5 Nc4 32. Be2 Re7 33. Qd3 Re6 34. Bh5 Qg8 35. Bd2 Bc8 36. Bg5 Bd7 37. Rc3 Be8 38. Bf3 Bg6 39. Qd1 Rf7 40. Kg1 Rf8 41. Bg2 Bh7 42. Bc1 Qf7 43. Rh3 g5 44. f4 g4 45. Rh1 h5 46. Bd2 Kg7 47. Be1 Rh6 48. Qb3 Bg8 49. Rc2 Qg6 50. Bf1 Be6 51. Bd3 Rc8 52. Rh4 Rch8 53. Rc1 Kf7 54. Bf1 Ke7 55. Qd3 Rd8 56. Bd2 Rhh8 57. Qc2 Kd7 58. Bd3 Kc7 59. Kf2 Rdg8 60. Be1 Kb7 61. Bc3 Rh7 62. Rch1 Ka7 63. Kg1 Ka8 64. Qd1 Kb7 65. R1h2 Re8 66. Be1 Reh8 67. Bc2 Rg7 68. Bc3 Rc7 69. Qd3 Kb8 70. Rh1 Rh6 71. Kf2 Qe8 72. Qe2 Ka7 73. Bd3 Rg7 74. Qc2 Qg6 75. Kg1 Rg8 76. Be1 Qf7 77. R1h2 Rd8 78. Qb3 Rdh8 79. Qc3 Kb8 80. Bc2 Ka8 81. Qd3 Nb2 82. Qb3 Nc4 83. Rh1 Kb7 84. Qb1 Qd7 85. R1h2 Ne3 86. Bd3 Nc4 87. Re2 Ka8 88. Qc2 Kb7 89. Bc3 Qf7 90. Qc1 Rg8 91. Bc2 1/2-1/2

[Event "TCEC Season 22 - Qualification League"]
[Site "https://tcec-chess.com"]
[Date "2022.01.29"]
[Round "3.4"]
[White "tomitankChess 5.1"]
[Black "Mantissa 3.3.0"]
[Result "0-1"]
[ECO "D92"]
[WhiteElo "3008"]
[BlackElo "3289"]
[Annotator "NA"]
[PlyCount "130"]
[EventDate "2022.??.??"]
[SourceTitle "playchess.com"]
[Source "ChessBase"]
[SourceQuality "1"]
[TimeControl "1800+5"]

1. d4 Nf6 2. Nf3 g6 3. c4 Bg7 4. Nc3 d5 5. Bf4 O-O 6. Rc1 dxc4 7. e3 Be6 8. Ng5 Bd5 9. e4 h6 10. exd5 hxg5 11. Bxg5 b5 12. Qf3 a6 13. g4 Nbd7 14. h4 Nb6 15. h5 Nfxd5 16. hxg6 Qd6 17. gxf7+ Rxf7 18. Qe4 Nf6 19. Qe2 Nbd5 20. Bg2 Rd8 21. Rd1 Nf4 22. Bxf4 Qxf4 23. g5 Qxg5 24. Bh3 Qh6 25. Qe6 Kf8 26. Rg1 Qh4 27. Bf5 Nh5 28. Rg4 Qh1+ 29. Ke2 Qh2 30. Kf1 Nf4 31. Qe4 Nd3 32. Rxd3 cxd3 33. Rh4 Qd6 34. Be6 Rf6 35. d5 Qg3 36. Nd1 Qf3 37. Qxf3 Rxf3 38. Rg4 Rd6 39. Nc3 Rf6 40. Ke1 c6 41. f4 cxd5 42. f5 Rh6 43. Kd2 Rh3 44. Kd1 Rh2 45. Rg3 Rxb2 46. Rxd3 Bxc3 47. Rxc3 Kg7 48. Rg3+ Kf6 49. Rg6+ Ke5 50. Rg7 Rxe6 51. fxe6 Kf6 52. Kc1 Kxg7 53. Kxb2 Kf6 54. Kc3 Ke5 55. Kd3 d4 56. a3 Kd5 57. Ke2 Ke4 58. Kd2 d3 59. Kc3 Ke3 60. Kb4 d2 61. Ka5 d1=Q 62. Kb6 Qd6+ 63. Kb7 Kd4 64. Ka7 b4 65. axb4 Qxb4 0-1

[Event "TCEC Season 22 - Qualification League"]
[Site "https://tcec-chess.com"]
[Date "2022.01.29"]
[Round "3.6"]
[White "Zahak 9.0"]
[Black "BlackMarlin 5.0dev3"]
[Result "0-1"]
[ECO "B31"]
[WhiteElo "3332"]
[BlackElo "3356"]
[Annotator "NA"]
[PlyCount "160"]
[EventDate "2022.??.??"]
[SourceTitle "playchess.com"]
[Source "ChessBase"]
[SourceQuality "1"]
[TimeControl "1800+5"]

1. e4 c5 2. Nf3 Nc6 3. Bb5 g6 4. O-O Bg7 5. Bxc6 bxc6 6. Re1 Nf6 7. e5 Nd5 8. c4 Nc7 9. Nc3 O-O 10. d4 cxd4 11. Qxd4 Ne6 12. Qh4 Rb8 13. b3 d5 14. Na4 dxc4 15. Qxc4 Rb5 16. Ba3 Qc7 17. Rad1 Rd8 18. Rxd8+ Nxd8 19. Nc3 Rb7 20. h3 Ne6 21. Na4 Rb5 22. Nc3 Rb7 23. Ne4 h6 24. Rc1 Qd8 25. Bc5 a6 26. Be3 Rd7 27. Qe2 Kh7 28. Nc5 Nxc5 29. Rxc5 Rd5 30. Rxc6 Rd1+ 31. Kh2 Bb7 32. Rc5 e6 33. Qc2 Rd3 34. Nd2 Rd5 35. f4 Rxc5 36. Bxc5 Qc7 37. Qc3 Qc6 38. Nf3 Bf8 39. Bb4 Bxb4 40. Qxb4 Qc8 41. Qc4 Qa8 42. Qe2 Qa7 43. Kg3 a5 44. Qd2 Bxf3 45. Kxf3 Qc5 46. Ke2 Qb5+ 47. Ke1 Qb6 48. Kd1 Qc5 49. g4 Qc6 50. Qxa5 Qh1+ 51. Qe1 Qxh3 52. Kc2 Qxg4 53. a4 Qf5+ 54. Kc3 Qxf4 55. a5 g5 56. a6 Qf3+ 57. Kb4 g4 58. Kc5 g3 59. a7 h5 60. b4 g2 61. Kd6 Qf1 62. Qe4+ Kg7 63. a8=Q g1=Q 64. Kc7 Qg5 65. Qac6 h4 66. b5 h3 67. b6 h2 68. Kc8 Qh3 69. Qh1 Qh8+ 70. Kb7 Qhh4 71. Ka6 Qf2 72. Qhf3 Qgg1 73. Qxf2 Qxf2 74. b7 Qf1+ 75. Ka7 Qg1+ 76. Ka6 h1=Q 77. Qxh1 Qxh1 78. b8=Q Qa1+ 79. Kb6 Qb2+ 80. Ka7 Qxb8+ 0-1

[Event "TCEC Season 22 - Qualification League"]
[Site "https://tcec-chess.com"]
[Date "2022.01.29"]
[Round "4.1"]
[White "Asymptote 0.9-dev_20220126"]
[Black "Velvet 3.1.3"]
[Result "1/2-1/2"]
[ECO "D38"]
[WhiteElo "3226"]
[BlackElo "3216"]
[Annotator "NA"]
[PlyCount "165"]
[EventDate "2022.??.??"]
[SourceTitle "playchess.com"]
[Source "ChessBase"]
[SourceQuality "1"]
[TimeControl "1800+5"]

1. d4 Nf6 2. Nf3 d5 3. c4 e6 4. Nc3 Bb4 5. Qb3 a5 6. Bg5 c5 7. a3 a4 8. Qc2 Bxc3+ 9. bxc3 Nbd7 10. e3 Qa5 11. Bxf6 Nxf6 12. Rb1 O-O 13. Rb5 Qa7 14. Rxc5 Bd7 15. Ne5 Be8 16. Rc7 Qb8 17. Re7 dxc4 18. Bxc4 b5 19. Bd3 Kh8 20. Qb2 Qd8 21. Rxe8 Nxe8 22. Bxb5 Nd6 23. O-O Nxb5 24. Qxb5 Qc7 25. Nd7 Rfd8 26. Nc5 Rdb8 27. Qd3 Qc6 28. h4 Kg8 29. Qc2 h6 30. Ra1 e5 31. Rd1 Qb6 32. g3 Ra5 33. Qe4 exd4 34. cxd4 Qb2 35. Qd3 Qa2 36. Rd2 Rb2 37. Rxb2 Qxb2 38. Kg2 h5 39. Qe4 Qxa3 40. Qe8+ Kh7 41. Qe4+ g6 42. Qe7 Qa2 43. e4 Qc4 44. Nd7 Qxd4 45. Qxf7+ Qg7 46. Nf8+ Kh8 47. Nxg6+ Kh7 48. Nf8+ Kh8 49. Qe8 a3 50. Ne6+ Qg8 51. Qc6 a2 52. Qc3+ Kh7 53. Nf8+ Qxf8 54. Qxa5 Qf7 55. Qa4 Qe6 56. Kh2 Kg7 57. f4 Kg8 58. f5 a1=Q 59. Qxa1 Qxe4 60. Qc3 Qe2+ 61. Kg1 Kf8 62. Qc5+ Kg7 63. Qc1 Kf6 64. Qg5+ Kf7 65. Qg6+ Kf8 66. Qc6 Qe3+ 67. Kh2 Qf2+ 68. Kh3 Qxf5+ 69. Kg2 Kg8 70. Qc4+ Kg7 71. Qe2 Qc5 72. Kh2 Kh8 73. Qe8+ Kg7 74. Qd7+ Kf6 75. Qd2 Kg7 76. Qg2 Qe3 77. Qb2+ Kf7 78. Qc2 Kg7 79. Qa2 Kh8 80. Qc2 Kg7 81. Qc6 Qf2+ 82. Kh3 Qe3 83. Qa8 1/2-1/2

[Event "TCEC Season 22 - Qualification League"]
[Site "https://tcec-chess.com"]
[Date "2022.01.30"]
[Round "4.3"]
[White "Counter 4.0"]
[Black "Zahak 9.0"]
[Result "1/2-1/2"]
[ECO "B92"]
[WhiteElo "3300"]
[BlackElo "3332"]
[Annotator "NA"]
[PlyCount "249"]
[EventDate "2022.??.??"]
[SourceTitle "playchess.com"]
[Source "ChessBase"]
[SourceQuality "1"]
[TimeControl "1800+5"]

1. e4 c5 2. Nf3 d6 3. d4 cxd4 4. Nxd4 Nf6 5. Nc3 a6 6. Be2 e5 7. Nb3 Be7 8. O-O O-O 9. Qd3 Be6 10. Nd5 Nxd5 11. exd5 Bc8 12. Be3 Nd7 13. Qd2 a5 14. a4 Nf6 15. f3 Bd7 16. c4 Bf5 17. f4 exf4 18. Rxf4 Bg6 19. Bd3 Nd7 20. Bxg6 hxg6 21. Rff1 Bf6 22. Nd4 Re8 23. Nb5 Nb6 24. Bxb6 Qxb6+ 25. Qf2 Qxf2+ 26. Rxf2 Rad8 27. Rb1 Re4 28. b3 Be5 29. g3 g5 30. Rff1 g4 31. Rbe1 Rxe1 32. Rxe1 f6 33. Nc7 Kf7 34. Rf1 g5 35. Ne6 Rg8 36. Kg2 Kg6 37. Rf2 f5 38. Kf1 Re8 39. Kg2 Rg8 40. Kf1 Kf6 41. Kg2 Rh8 42. Kf1 Rh3 43. Ke2 b6 44. Kf1 Rh8 45. Kg2 Rh7 46. Rf1 Rh8 47. Rf2 Rh7 48. Rf1 Rf7 49. Rf2 Kg6 50. h3 Kh5 51. Rf1 f4 52. hxg4+ Kxg4 53. gxf4 gxf4 54. Rh1 f3+ 55. Kf2 Bg3+ 56. Kf1 Bh4 57. Rg1+ Bg3 58. Rh1 f2 59. Rh8 Be5 60. Rg8+ Kh4 61. Nd8 Rf6 62. Nc6 Bc3 63. Rg2 Rf3 64. Rxf2 Kg3 65. Rxf3+ Kxf3 66. Nb8 Ke3 67. c5 bxc5 68. Nd7 Bb4 69. Nb6 Ke4 70. Ke2 Kd4 71. Nc4 Kxd5 72. Kd3 Ke6 73. Ne3 d5 74. Nc2 Ke5 75. Ne3 Ba3 76. Nc2 Bc1 77. Ne1 Kd6 78. Nf3 Bf4 79. Kc3 Be5+ 80. Kd3 Bg3 81. Ke3 Ke6 82. Kd3 Kf5 83. Nd2 Be1 84. Nf3 Bb4 85. Ke3 Bc3 86. Kd3 Ba1 87. Ne1 Bg7 88. Ng2 Ke6 89. Ke2 Ke5 90. Kd3 Bf8 91. Nh4 Bh6 92. Nf3+ Kf5 93. Nh4+ Kf6 94. Nf3 Kf5 95. Ne1 Bg7 96. Nc2 Ke5 97. Ne3 Bf6 98. Ng4+ Kf5 99. Ne3+ Ke6 100. Nc2 Be7 101. Ne1 Bd8 102. Nc2 Ke5 103. Ne3 Be7 104. Ng4+ Kd6 105. Ne3 Kc6 106. Nf5 Bf8 107. Kc3 Kd7 108. Kd3 Ke6 109. Ne3 Bg7 110. Nc2 Kd6 111. Ne3 Ke6 112. Ng4 Bd4 113. Nh2 Kf5 114. Nf1 Kf4 115. Nd2 Bb2 116. Nb1 Kf3 117. Kc2 Bh8 118. Kd3 Bb2 119. Nd2+ Kf2 120. Nb1 d4 121. b4 cxb4 122. Nd2 Kg3 123. Nb3 Bc3 124. Nxa5 b3 125. Nxb3 1/2-1/2

[Event "TCEC Season 22 - Qualification League"]
[Site "https://tcec-chess.com"]
[Date "2022.01.30"]
[Round "4.5"]
[White "Chiron 5.01"]
[Black "tomitankChess 5.1"]
[Result "1-0"]
[ECO "C69"]
[WhiteElo "3417"]
[BlackElo "3008"]
[Annotator "NA"]
[PlyCount "109"]
[EventDate "2022.??.??"]
[SourceTitle "playchess.com"]
[Source "ChessBase"]
[SourceQuality "1"]
[TimeControl "1800+5"]

1. e4 e5 2. Nf3 Nc6 3. Bb5 a6 4. Bxc6 dxc6 5. O-O Qd6 6. Na3 Be6 7. Qe2 Ne7 8. Nc4 Bxc4 9. Qxc4 Ng6 10. a4 Qc5 11. Qb3 Qb4 12. Qxb4 Bxb4 13. a5 O-O-O 14. h4 f6 15. d3 Nf8 16. h5 Ne6 17. g3 Bc5 18. Kg2 g5 19. Nh2 Rhf8 20. Ng4 Bd4 21. Ra4 Bc5 22. Bd2 Kb8 23. Rh1 Bd4 24. Rc4 f5 25. exf5 Rxf5 26. Bc1 Rdf8 27. Rf1 Bc5 28. Re4 Bd6 29. Ne3 R5f7 30. Nc4 h6 31. Nxe5 Bxe5 32. Rxe5 Nd4 33. Be3 Nxc2 34. Bc5 Rd8 35. f4 g4 36. f5 b6 37. axb6 cxb6 38. Bxb6 Rd5 39. d4 Rb5 40. Bc5 Rb3 41. d5 Rb5 42. dxc6 Ne3+ 43. Rxe3 Rxc5 44. Re6 Rfxf5 45. Rxf5 Rxf5 46. Rxh6 Kc7 47. Rh8 Kxc6 48. h6 Kb7 49. Rh7+ Kb6 50. Rg7 Rh5 51. Rg6+ Kc5 52. Rxa6 Kd4 53. Ra4+ Kd3 54. h7 Rxh7 55. Rxg4 1-0